 Dungeon Crawl Stone Soup version 0.32-a0-975-g85d4e5bfdb (webtiles) character file.

Game seed: 11053098723108373741

4926 Autsider the Sneak (level 10, 0/51 HPs)
             Began as a Vine Stalker Warper on Apr 18, 2024.
             Was a Priest of Okawaru.
             Slain by Grum
             ... wielding a -2 glaive
              (19 damage)
             ... in a bailey.
             The game lasted 00:27:22 (7924 turns).

Autsider the Sneak (Vine Stalker Warper)            Turns: 7924, Time: 00:27:22

Health: 0/51       AC: 16    Str: 16    XL:     10   Next: 52%
Magic:  0/17       EV: 14    Int: 16    God:    Okawaru [***...]
Gold:   291        SH:  0    Dex: 18    Spells: 13/17 levels left

rFire   + . .        D - +1 dagger (protect)
rCold   . . .        (no shield)
rNeg    . . .        E - +1 robe of Contentment {rElec Str+2 SInv}
rPois   .            A - +1 helmet {Int+3}
rElec   +            (no cloak)
rCorr   .            (no gloves)
SInv    +            (no boots)
Will    +....        f - amulet of the acrobat
Stlth   ++++         p - +4 ring of protection
HPRegen 1.08/turn    y - ring of protection from fire
MPRegen 0.15/turn

%: acrobat, guardian spirit
@: about to teleport, under a protective aura, studying Invocations
A: fangs 3, regeneration 1, magic shield, antimagic bite, no potion heal 2
a: Renounce Religion, Heroism


You were in a bailey.
You worshipped Okawaru.
Okawaru was most pleased with you.
You visited 2 branches of the dungeon, and saw 10 of its levels.
You also visited: Sewer and Bailey.

You collected 613 gold pieces.
You spent 322 gold pieces at shops.

Inventory:

Hand Weapons
 s - the +1 hand axe of Iviustroyho {drain, rElec rC++ Str-2 Dex+3}
   (You found it on level 8 of the Dungeon)

   Str-2:     It affects your strength (-2).
   Dex+3:     It affects your dexterity (+3).
   rC++:      It greatly protects you from cold.
   rElec:     It insulates you from electricity.
 D - a +1 dagger of protection (weapon)
Missiles
 d - 7 darts of dispersal (quivered)
 i - 4 javelins
 o - 2 atropa-tipped darts
 B - 13 poisoned darts
 F - 7 throwing nets
 N - a curare-tipped dart
Armour
 A - a +1 helmet of intelligence (worn)
 E - the +1 robe of Contentment (worn) {rElec Str+2 SInv}
   (You found it on level 4 of the Dungeon)

   Str+2:     It affects your strength (+2).
   rElec:     It insulates you from electricity.
   SInv:      It lets you see invisible.
 H - a +1 leather armour of positive energy
 I - a +1 chain mail of fire resistance
Jewellery
 f - an amulet of the acrobat (around neck)
 p - a +4 ring of protection (left hand)
 x - a ring of see invisible
 y - a ring of protection from fire (right hand)
 C - an amulet of reflection
Wands
 g - a wand of polymorph (9)
 r - a wand of flame (6)
 M - a wand of mindburst (13)
Scrolls
 b - a scroll of amnesia
 c - 5 scrolls of blinking
 h - 2 scrolls of poison
 m - a scroll of brand weapon
 n - 2 scrolls of torment
 q - 2 scrolls of fear
 v - a scroll of teleportation
 G - 2 scrolls of immolation
 L - 2 scrolls of silence
 O - a scroll of enchant armour
Potions
 e - 2 potions of ambrosia
 k - a potion of haste {unknown}
 l - 5 potions of curing {@q1}
 t - a potion of magic {unknown}
 u - 3 potions of enlightenment
 w - a potion of invisibility {unknown}
 z - a potion of brilliance {unknown}
 J - a potion of cancellation {unknown}
 K - 3 potions of mutation


   Skills:
 - Level 5.0 Fighting
 + Level 7.2 Short Blades
 - Level 0.8 Throwing
 - Level 4.0 Armour
 - Level 5.0 Dodging
 + Level 7.3 Stealth
 - Level 4.0 Spellcasting
 - Level 4.0 Translocations
 + Level 6.3 Invocations


You had 13 spell levels left.
You knew the following spells:

 Your Spells              Type           Power      Damage    Failure   Level
a - Lesser Beckoning      Tloc           32%        N/A       4%          2
z - Blink                 Tloc           32%        N/A       4%          2

Your spell library contained the following spells:

 Spells                   Type           Power      Damage    Failure   Level
 Maxwell's Portable Pile  Tloc           16%        2d(6-18)  10%         3
 Teleport Other           Tloc           16%        N/A       10%         3
 Sublimation of Blood     Necr           3%         N/A       26%         2
 Hailstorm                Conj/Ice       3%         3d5       45%         3
 Vhi's Electric Charge    Tloc/Air       18%        N/A       58%         4
 Permafrost Eruption      Ice/Erth       1%         2x4d2     100%        6
 Call Imp                 Summ           Unusable   N/A       N/A         2
 Summon Ice Beast         Ice/Summ       Unusable   N/A       N/A         3
 Sculpt Simulacrum        Ice/Alch       Unusable   N/A       N/A         6
 Summon Hydra             Summ           Unusable   N/A       N/A         7

Dungeon Overview and Level Annotations

Branches:
Dungeon (9/15)             Temple (1/1) D:5           Sewer (visited)
 Bailey (1/1)
   Lair: D:8-11         Orc: D:9-12

Altars:
Ashenzari
Cheibriados
Dithmenos
Elyvilon
Fedhas
Gozag
Hepliaklqana
Kikubaaqudgha
Makhleb
Nemelex Xobeh
Okawaru
Qazlal
Ru
Sif Muna
Trog
Uskayaw
Vehumet
Wu Jian
Xom
Yredelemnul
Zin
The Shining One

Shops:
D:8 =   D:9 ?

Annotations:
Temple 2 transporters Bailey Grum


Innate Abilities, Weirdness & Mutations

You have razor-sharp teeth.
Your natural rate of healing is unusually fast.
When hurt, damage is shared between your health and your magic reserves.
Your bite disrupts and absorbs the magic of your enemies.
Potions cannot restore your health.


Message History

The gnoll sergeant completely misses you.
The gnoll completely misses you.
The gnoll bouda gazes fiercely through you!
You feel your attacks grow feeble. The gnoll bouda completely misses you.
The gnoll bouda closely misses you. The wolf completely misses you.
Grum points his finger and grunts, "Attack!"
The gnoll sergeant completely misses you.
There is an open door here.
Casting: Blink (safe; 4% risk of failure)
Confirm with . or Enter, or press ? or * to list all spells.
You blink.
Grum hits you from afar with a -2 glaive!
The gnoll bouda barks out a call to the hunt!
Your attacks no longer feel as feeble.
Grum is no longer moving quickly.
Grum attacks as he pursues you! Grum completely misses you.
The gnoll bouda is no longer moving quickly.
The wolf completely misses you.
You hit the wolf.
Your weapon exudes an aura of protection.
You bite the wolf, but do no damage.
The wolf is lightly wounded.
The gnoll bouda barks out a call to the hunt!
Grum picks up the pace!
The wolf misses you. Grum misses you.
You hit the wolf. You bite the wolf. You drain its power.
You feel invigorated.
The wolf is moderately wounded.
You feel ready to blink again. The wolf bites you!
* * * LOW HITPOINT WARNING * * *
As you read the scroll of teleportation, it crumbles to dust.
You feel strangely unstable. The wolf misses you.
Grum hits you from afar with a -2 glaive!
* * * LOW HITPOINT WARNING * * *
You hit the wolf. You bite the wolf, but do no damage.
The wolf is moderately wounded.
The wolf barely misses you.
Grum hits you from afar with a -2 glaive!!
You die...

♣≈...gg.'...ß.))'...'.
♣≈......#.).....#...'.
♣≈..##g###.....######.
♣≈..#....##...## #.
♣≈..#....h#####h.g #.
♣≈g.#......g'h.... #.
♣≈gg##......#..g.. #.
♣≈.gh##.ß...# .ß.###.
♣≈≈..@####### ##..)
♣♣≈≈≈≈≈≈≈≈≈≈≈≈≈≈≈≈≈≈≈≈
♣♣♣♣♣♣♣♣♣♣♣♣♣♣♣♣♣♣♣♣♣


You could see Grum (swift), a wolf and 3 gnoll boudas.

Vanquished Creatures
  A two-headed ogre (D:8)
  Jeremiah (D:8)
  Prince Ribbit (D:8)
  A wraith (D:9)
  A yak (D:5)
  An ice beast (D:7)
  2 orc warriors
  3 sky beasts
  2 black bears
  2 crocodiles (Sewer)
  4 ogres
  2 centaurs
  A wolf (Bailey)
  2 phantoms
  2 kobold brigands
  3 bullfrogs
  3 gnoll sergeants
  6 hounds
  A jelly (D:6)
  3 orc priests
  5 gnoll boudas
  A sleepcap (D:4)
  Natasha (thrice) (D:2)
  7 iguanas
  5 orc wizards
  A sickly merfolk siren (Sewer)
  A malarious merfolk avatar (Sewer)
  Robin (D:4)
  27 gnolls
  10 adders
  A river rat (Sewer)
  A shadow imp (D:5)
  A white imp (D:6)
  6 ribbon worms
  3 dart slugs
  27 orcs
  6 endoplasms
  5 giant cockroaches
  5 hobgoblins
  9 jackals
  8 quokkas
  13 ball pythons
  9 bats
  4 frilled lizards
  18 goblins
  18 kobolds
  21 rats
258 creatures vanquished.

Notes
Turn   | Place    | Note
-------+----------+-------------------------------------------
     0 | D:1      | Autsider the Vine Stalker Warper began the quest for the
                  | Orb.
     0 | D:1      | Reached XP level 1. HP: 11/11 MP: 4/4
   102 | D:1      | Reached XP level 2. HP: 15/15 MP: 1/6
   107 | D:1      | Reached skill level 1 in Stealth
   221 | D:1      | Found a faded altar of an unknown god.
   225 | D:1      | Prayed at the altar of an unknown god.
   225 | D:1      | Became a worshipper of Vehumet
   225 | D:1      | Reached * piety under Vehumet
   225 | D:1      | Offered knowledge of Foxfire by Vehumet.
   226 | D:1      | Fell from the grace of Vehumet
   244 | D:1      | Reached XP level 3. HP: 18/18 MP: 7/7
  1021 | D:2      | Noticed Natasha
  1039 | D:2      | Killed Natasha
  1040 | D:2      | Reached XP level 4. HP: 23/23 MP: 8/8
  1340 | D:2      | Noticed Natasha
  1353 | D:2      | Killed Natasha
  1452 | D:2      | Noticed Natasha
  1461 | D:2      | Killed Natasha
  1462 | D:2      | Reached XP level 5. HP: 27/27 MP: 9/9
  1544 | D:3      | Found an opulent altar of Gozag.
  1656 | D:3      | Found a glowing drain.
  1731 | D:3      | Learned a level 2 spell: Blink
  1734 | D:3      | Learned a level 2 spell: Lesser Beckoning
  1735 | Sewer    | Entered a sewer
  1951 | Sewer    | Noticed a crocodile
  1977 | Sewer    | Killed a crocodile
  1978 | Sewer    | Reached XP level 6. HP: 11/32 MP: 3/11
  2117 | Sewer    | Reached XP level 7. HP: 36/36 MP: 9/12
  3166 | D:4      | Noticed Robin
  3204 | D:4      | Killed Robin
  3489 | D:4      | Identified the +1 robe of Contentment {rElec Str+2 SInv}
  4219 | D:5      | Entered Level 5 of the Dungeon
  4224 | D:5      | Noticed a +0 hand axe
  4258 | D:5      | Noticed a +0 hand axe
  4264 | D:5      | Found a hide-covered altar of Uskayaw.
  4376 | D:5      | Reached skill level 5 in Stealth
  4385 | D:5      | Gained mutation: You have razor-sharp teeth. [Vine Stalker
                  | growth]
  4385 | D:5      | Reached XP level 8. HP: 36/42 MP: 14/14
  4400 | D:5      | Identified the +0 leather armour of Happy Babbling {Dex+2}
  4474 | D:5      | Reached skill level 1 in Armour
  4518 | D:5      | Was forgiven by Vehumet
  4586 | D:5      | Found a staircase to the Ecumenical Temple.
  4596 | Temple   | Found a transporter.
  4596 | Temple   | Found a transporter.
  4596 | Temple   | Found a transporter.
  4596 | Temple   | Found a transporter.
  4596 | Temple   | Entered the Ecumenical Temple
  4615 | Temple   | Became a worshipper of Warmaster Okawaru
  4879 | D:5      | Noticed a yak
  4925 | D:5      | Reached skill level 1 in Invocations
  4951 | D:5      | Killed a yak
  4951 | D:5      | Reached * piety under Okawaru
  5246 | D:6      | Reached XP level 9. HP: 8/45 MP: 1/16
  5340 | D:6      | Reached skill level 5 in Short Blades
  5381 | D:6      | Found an ancient bone altar of Kikubaaqudgha.
  5505 | D:6      | Reached skill level 5 in Dodging
  5647 | D:6      | Reached ** piety under Okawaru
  5703 | D:6      | Found a basalt altar of Yredelemnul.
  5705 | D:6      | Found a radiant altar of Vehumet.
  5854 | D:6      | Found a sparkling altar of Nemelex Xobeh.
  6113 | D:7      | Found a shadowy altar of Dithmenos.
  6294 | D:7      | Found a stormy altar of Qazlal.
  6622 | D:8      | Noticed Prince Ribbit
  6640 | D:8      | Killed Prince Ribbit
  6653 | D:8      | Identified the +1 hand axe of Iviustroyho {drain, rElec
                  | rC++ Str-2 Dex+3}
  6667 | D:8      | Noticed Jeremiah
  6677 | D:8      | Killed Jeremiah
  6678 | D:8      | Reached skill level 5 in Invocations
  6678 | D:8      | Reached XP level 10. HP: 51/51 MP: 17/17
  6811 | D:8      | Found Gyunote's Jewellery Shoppe.
  6944 | D:8      | Noticed a two-headed ogre
  6964 | D:8      | Killed a two-headed ogre
  6964 | D:8      | Reached *** piety under Okawaru
  6965 | D:8      | Reached skill level 5 in Fighting
  7143 | D:8      | Found a bloodstained altar of Trog.
  7476 | D:9      | Found a flagged portal.
  7481 | D:9      | Found Zaobif's Magic Scroll Shop.
  7498 | D:9      | Bought a scroll of identify for 28 gold pieces
  7498 | D:9      | Bought a scroll of enchant armour for 105 gold pieces
  7498 | D:9      | Bought a scroll of fear for 56 gold pieces
  7498 | D:9      | Bought a scroll of identify for 28 gold pieces
  7498 | D:9      | Bought a scroll of blinking for 105 gold pieces
  7498 | D:9      | Identified a scroll of acquirement
  7502 | D:9      | Acquired a manual of Invocations
  7511 | Bailey   | Entered a bailey
  7876 | Bailey   | Noticed Grum
  7924 | Bailey   | Slain by Grum

Illustrated notes

Levels and vault maps discovered:
D:1:      minmay_arrival_solitary_statue, layout_rooms,
          shapermc_ecumenical_altar_acropolis
D:2:      layout_loops_ring, uniq_natasha
D:3:      layout_basic, mainiacjoe_overflow_boulevard,
          cheibrodos_sewer_entry_sluice
D:4:      layout_basic, uniq_robin
D:5:      layout_rooms, dancing_weapons_uskayaw, minmay_temple_entry_wispy,
          minmay_circle_x
D:6:      layout_basic, kiku_gazebo_garden_becter, nemelex_altar_shiori,
          chequers_temple_overflow_statue_of_worship
D:7:      layout_basic, nicolae_qazlal_scattered_showers,
          general_overflow_altar, nicolae_houndstooth_variations
D:8:      layout_basic, mainiacjoe_overflow_catwalk, serial_shops,
          nicolae_shop_trees, uniq_prince_ribbit1, uniq_jeremiah
D:9:      layout_long_grid, david_lair_shrubbed, serial_shops, shop,
          enter_bailey_2
Temple:   hellmonk_temple_divided_pantheon
Bailey:   bailey_polearm_gnolls_kennysheep, bailey

Skill      XL: |  1  2  3  4  5  6  7  8  9 10 |
---------------+-------------------------------+-----
Fighting       | 2 3 4 5 |  5.0
Short Blades   | 2 3 4 6 7 |  7.2
Stealth        | 1 2 3 4 5 7 |  7.3
Dodging        | 2 3 4 5 |  5.0
Spellcasting   | 3 4 |  4.0
Armour         | 2 4 |  4.0
Invocations    | 2 5 6 |  6.3
Translocations | 4 |  4.0
Throwing       | |  0.8

Action                     |  1- 3 |  4- 6 |  7- 9 | 10-12 || total
---------------------------+-------+-------+-------+-------++-------
  Melee: Short sword       |   127 |   227 |   216 |       ||   570
         Bite              |    30 |    59 |   305 |   128 ||   522
         Dagger            |       |       |   588 |   301 ||   889
  Throw: Dart              |       |       |       |     2 ||     2
   Cast: Blink             |       |       |     1 |     3 ||     4
 Invoke: Renounce Religion |     1 |       |       |       ||     1
         Heroism           |       |       |       |     2 ||     2
  Evoke: Wand              |       |     6 |    11 |     3 ||    20
    Use: Scroll            |       |     4 |     4 |     7 ||    15
   Stab: Sleeping          |     2 |     3 |     8 |       ||    13
 Armour: Leather armour    |    62 |   100 |    98 |       ||   260
         Robe              |       |       |   243 |   191 ||   434
         Animal skin       |       |       |    12 |       ||    12
  Dodge: Dodged            |    82 |   129 |   428 |   338 ||   977

Table legend: (Time is in decaauts)
 A = Elapsed time spent in this place.
 B = Non-inter-level travel time spent in this place.
 C = Inter-level travel time spent in this place.
 D = Time resting spent in this place.
 E = Time spent auto-exploring this place.
 F = Levels seen in this place.
 G = Mean time per level.
                   A        B        C        D        E       F      G
               +--------+--------+--------+--------+--------+-----+--------+
         Total |   7648 |   7235 |    413 |    241 |   4241 |  12 |  637.3 |
       Dungeon |   6741 |   6338 |    403 |    159 |   4038 |   9 |  749.0 |
        Temple |     39 |     29 |     10 |      0 |      0 |   1 |   39.0 |
         Sewer |    513 |    513 |      0 |      0 |    176 |   1 |  513.0 |
        Bailey |    353 |    353 |      0 |     82 |     27 |   1 |  353.0 |
               +--------+--------+--------+--------+--------+-----+--------+

Top non-repeatable levels by time:
     D:4: 1304 daAuts
     D:5: 915 daAuts
     D:3: 899 daAuts
     D:2: 754 daAuts
     D:8: 723 daAuts
     D:1: 711 daAuts
     D:7: 660 daAuts
     D:6: 656 daAuts
   Sewer: 513 daAuts
  Bailey: 353 daAuts
     D:9: 116 daAuts
  Temple: 39 daAuts
